 Dungeon Crawl Stone Soup version 0.21.1-1-g345015fe64 (webtiles) character file.

328 Brobocop the Chopper (level 6, 0/53 HPs)
             Began as a Hill Orc Fighter on June 1, 2018.
             Slain by an iron imp (6 damage)
             ... summoned by Eustachio
             ... on level 5 of the Dungeon.
             The game lasted 00:11:52 (3157 turns).

Brobocop the Chopper (Hill Orc Fighter)             Turns: 3157, Time: 00:11:58

Health: 0/53       AC: 10    Str: 21    XL:     6   Next: 50%
Magic:  6/6        EV:  6    Int:  8    God:
Gold:   249        SH:  9    Dex: 10    Spells: 5/5 levels left

rFire    . . .     SeeInvis .   a - +0 war axe
rCold    . . .     Gourm    +   c - +0 shield
rNeg     . . .     Faith    .   m - +0 chain mail
rPois    .         Spirit   .   (no helmet)
rElec    .         Reflect  .   (no cloak)
rCorr    .         Harm     .   (no gloves)
MR       .....                  h - +0 pair of boots
Stlth    ..........             t - amulet of the gourmand
HPRegen  0.17/turn              (no ring)
MPRegen  0.10/turn              (no ring)

@: no status effects
A: no striking features
a: no special abilities


You were on level 5 of the Dungeon.
You were not hungry.

You visited 1 branch of the dungeon, and saw 6 of its levels.

You collected 249 gold pieces.

Inventory:

Hand Weapons
 a - a +0 war axe (weapon)
 l - a +0 flail
 s - a +0 hand axe
 y - a +0 giant club
Armour
 b - a +0 scale mail
 c - a +0 shield (worn)
 h - a +0 pair of boots (worn)
 m - a +0 chain mail (worn)
Jewellery
 t - an amulet of the gourmand (around neck)
Wands
 z - a wand of random effects (30)
Scrolls
 e - 4 scrolls of immolation {unknown}
 i - 8 scrolls of identify {unknown}
 k - a scroll of fear {unknown}
 n - 4 scrolls of remove curse {unknown}
 p - a scroll of teleportation {unknown}
 u - a scroll of enchant weapon {unknown}
 w - a scroll of magic mapping {unknown}
 x - a scroll of random uselessness {unknown}
Potions
 d - a potion of might
 g - 2 potions of curing {unknown}
 j - a potion of mutation {unknown}
 o - 2 potions of lignification {unknown}
 q - a potion of flight {unknown}
 r - a potion of degeneration {unknown}
 v - a potion of heal wounds {unknown}
Comestibles
 f - 3 rations


   Skills:
 + Level 4.3 Fighting
 + Level 5.8 Axes
 + Level 4.8 Armour
 + Level 0.7 Dodging
 + Level 0.1 Stealth
 + Level 4.5 Shields


You had 5 spell levels left.
You didn't know any spells.

Dungeon Overview and Level Annotations

Branches:
Dungeon (6/15)
 Temple: D:4-7

Altars:

Annotations:
D:5 Eustachio


Message History

You block the ufetubus's attack. x2; The iron imp barely misses you.
You hit the iron imp but do no damage. You hit the white imp but do no damage.
You barely miss the ufetubus.
The white imp disappears in a puff of smoke!
You block the bat's attack. The ufetubus hits you.
* * * LOW HITPOINT WARNING * * *
The ufetubus hits you.
* * * LOW HITPOINT WARNING * * *
The ufetubus hits you.
* * * LOW HITPOINT WARNING * * *
The ufetubus hits you.
* * * LOW HITPOINT WARNING * * *
The iron imp barely misses you.
You hit the iron imp but do no damage. You miss Eustachio.
You hit the ufetubus but do no damage. You block the ufetubus's attack.
The ufetubus barely misses you.
Eustachio casts a spell.
You block the ufetubus's attack. The ufetubus barely misses you.
The iron imp hits you.
You die...

#### ### # ...
#.#
###.##.########†#
......55@5.....>#
###.#.h@###.###.#
#...§.#.###.#
#r#.#5#<....#
#...#.##.#.[#
?.... . .#..#
###..# #.....#
...[ .###.# ##..
#


You could see Eustachio, a howler monkey, 2 iron imps, an ufetubus and a quokka.

Vanquished Creatures
  An ogre (D:5)
  A hound (D:6)
  2 worker ants (D:4)
  4 gnolls
  6 adders
  2 worms (D:2)
  An orc (D:3)
  4 giant cockroaches
  9 hobgoblins
  4 jackals (D:4)
  9 bats
  4 frilled lizards
  8 goblins
  6 kobolds
  18 rats
79 creatures vanquished.

Notes
Turn   | Place    | Note
-------+----------+-------------------------------------------
     0 | D:1      | Brobocop the Hill Orc Fighter began the quest for the Orb.
     0 | D:1      | Reached XP level 1. HP: 19/19 MP: 1/1
   194 | D:1      | Reached skill level 3 in Axes
   194 | D:1      | Reached XP level 2. HP: 22/27 MP: 2/2
   339 | D:1      | Reached XP level 3. HP: 32/33 MP: 3/3
  1044 | D:2      | Reached XP level 4. HP: 40/40 MP: 4/4
  1138 | D:2      | Reached skill level 4 in Axes
  1390 | D:2      | Found a faded altar of an unknown god.
  1500 | D:2      | Reached XP level 5. HP: 46/46 MP: 5/5
  2748 | D:4      | Noticed an ogre
  2821 | D:5      | Entered Level 5 of the Dungeon
  2838 | D:6      | Reached skill level 5 in Axes
  2838 | D:6      | Reached XP level 6. HP: 4/52 MP: 6/6
  3145 | D:5      | Noticed Eustachio
  3157 | D:5      | Slain by an iron imp

Skill      XL: |  1  2  3  4  5 |
---------------+----------------+-----
Axes           | 3 4 5 |  5.8
Fighting       | 4 |  4.3
Armour         | 4 |  4.8
Shields        | 4 |  4.5
Dodging        | |  0.7
Stealth        | |  0.1

Action                   |  1- 3 |  4- 6 || total
-------------------------+-------+-------++-------
Melee: War axe           |   113 |   166 ||   279
  Eat: Ration            |       |     2 ||     2
       Chunk             |       |     2 ||     2
Armor: Scale mail        |    57 |    14 ||    71
       Chain mail        |       |   122 ||   122
Dodge: Dodged            |    41 |    56 ||    97
Block: Shield            |    61 |   149 ||   210
